Map: Vaani Research Station (Void)

Players

DYLB - Winner!

  • Race: Protoss Protoss
  • League: Gold
  • Spawn Location: 12:00

Fropez

  • Race: Protoss Protoss
  • League: Gold
  • Spawn Location: 6:00

VOD

Have the link to the VOD?

Description

Time

  • Played on: Jan. 3, 2017, 5:58 p.m.
  • Length: 7:54
Show
View Real Time Build Order
Export as new Build Order

DYLB Protoss - Winner!

Build Orders:  

Get SALT Encoding   

  12  0:01  Probe (Chrono Boost)  
  13  0:12  Probe (Chrono Boost)  
  14  0:18  Pylon  
  14  0:23  Probe (Chrono Boost)  
  15  0:36  Probe (Chrono Boost)  
  15  0:38  Gateway  
  16  0:45  Assimilator  
  17  0:50  Probe (Chrono Boost)  
  17  0:55  Assimilator  
  17  1:00  Probe (Chrono Boost)  
  18  1:11  Probe (Chrono Boost)  
  19  1:18  Pylon  
  19  1:21  Probe (Chrono Boost)  
  19  1:25  Cybernetics Core  
  20  1:39  Probe (Chrono Boost)  
  21  1:50  Probe (Chrono Boost)  
  22  2:06  Nexus  
  22  2:12  Mothership Core (Chrono Boost)  
  24  2:16  Warp Gate  
  24  2:23  Stalker  
  26  2:30  Pylon  
  26  2:42  Probe (Chrono Boost)  
  27  3:07  Stalker  
  29  3:13  Robotics Facility  
  29  3:16  Robotics Facility  
  29  3:25  Probe x2 (Chrono Boost)  
  31  3:36  Probe (Chrono Boost)  
  31  3:44  Stalker  
  33  3:57  Gateway  
  33  3:59  Gateway  
  33  4:00  Probe (Chrono Boost)  
  33  4:01  Probe (Chrono Boost)  
  35  4:10  Immortal  
  39  4:25  Immortal  
  43  4:31  Probe x2 (Chrono Boost)  
  43  4:37  Pylon  
  45  4:48  Stalker  
  47  4:55  Immortal  
  47  4:59  Probe x2 (Chrono Boost)  
  53  5:12  Stalker x2  
  57  5:19  Probe x2 (Chrono Boost)  
  59  5:35  Pylon  
  59  5:48  Pylon  
  59  5:53  Immortal x2  
  59  5:55  Probe x2 (Chrono Boost)  
  68  6:05  Stalker  
  68  6:07  Stalker x2  
  74  6:16  Probe x2 (Chrono Boost)  
  74  6:18  Pylon  
  76  6:28  Pylon  
  76  6:33  Stalker  
  78  6:55  Stalker x2  
  78  6:57  Stalker  
  78  6:59  Immortal x2  
  78  7:44  Stalker x2  
  78  7:45  Stalker  
Show
View Real Time Build Order
Export as new Build Order

Fropez Protoss 

Build Orders: 1 Gate Expand 

Get SALT Encoding   

  12  0:01  Probe (Chrono Boost)  
  13  0:11  Probe (Chrono Boost)  
  14  0:18  Pylon  
  14  0:22  Probe (Chrono Boost)  
  15  0:36  Probe (Chrono Boost)  
  15  0:40  Gateway  
  16  0:46  Probe (Chrono Boost)  
  17  0:59  Probe (Chrono Boost)  
  17  1:02  Assimilator  
  18  1:09  Probe (Chrono Boost)  
  19  1:14  Pylon  
  19  1:20  Probe (Chrono Boost)  
  20  1:30  Probe (Chrono Boost)  
  21  1:35  Assimilator  
  20  1:43  Nexus  
  20  1:46  Probe (Chrono Boost)  
  21  1:56  Probe (Chrono Boost)  
  22  2:06  Cybernetics Core  
  22  2:07  Probe (Chrono Boost)  
  23  2:17  Probe (Chrono Boost)  
  24  2:28  Probe (Chrono Boost)  
  24  2:29  Gateway  
  25  2:38  Probe (Chrono Boost)  
  26  2:49  Pylon, Probe (Chrono Boost)  
  27  2:52  Warp Gate  
  27  2:56  Pylon  
  28  2:58  Adept  
  28  3:01  Probe (Chrono Boost)  
  31  3:08  Mothership Core (Chrono Boost)  
  33  3:13  Probe (Chrono Boost)  
  33  3:16  Stalker  
  35  3:25  Probe (Chrono Boost)  
  37  3:28  Probe (Chrono Boost)  
  37  3:37  Probe (Chrono Boost)  
  38  3:45  Probe (Chrono Boost)  
  39  3:51  Pylon, Probe (Chrono Boost), Forge  
  41  3:57  Pylon, Probe (Chrono Boost)  
  42  4:03  Probe (Chrono Boost)  
  42  4:05  Stalker  
  42  4:06  Stalker  
  42  4:08  Pylon  
  42  4:09  Probe (Chrono Boost)  
  45  4:15  Probe (Chrono Boost)  
  48  4:20  Twilight Council  
  48  4:21  Probe (Chrono Boost)  
  49  4:27  Probe (Chrono Boost)  
  49  4:29  Protoss Ground Weapons Level 1  
  50  4:33  Probe (Chrono Boost)  
  52  4:39  Probe (Chrono Boost)  
  52  4:42  Blink  
  53  4:45  Probe (Chrono Boost)  
  53  4:51  Assimilator  
  53  4:55  Assimilator  
  53  4:56  Probe (Chrono Boost)  
  53  4:57  Pylon  
  54  5:02  Robotics Facility  
  54  5:04  Pylon  
  54  5:07  Nexus  
  54  5:14  Probe (Chrono Boost)  
  55  5:16  Probe (Chrono Boost)  
  55  5:17  Pylon  
  56  5:27  Stalker x2  
  60  5:34  Probe x2 (Chrono Boost)  
  62  5:37  Gateway  
  62  5:39  Gateway  
  62  5:46  Probe (Chrono Boost)  
  62  5:47  Probe (Chrono Boost)  
  62  5:48  Photon Cannon  
  64  5:52  Stalker  
  64  5:56  Observer  
  68  5:57  Photon Cannon  
  68  5:58  Probe (Chrono Boost)  
  68  6:00  Probe (Chrono Boost)  
  69  6:05  Stalker  
  69  6:10  Probe (Chrono Boost)  
  73  6:12  Probe (Chrono Boost)  
  73  6:22  Probe (Chrono Boost)  
  73  6:25  Assimilator, Stalker  
  76  6:28  Probe (Chrono Boost)  
  76  6:30  Assimilator  
  76  6:32  Forge  
  77  6:33  Pylon  
  77  6:35  Warp Prism  
  77  6:37  Pylon  
  80  6:40  Pylon  
  80  6:41  Probe (Chrono Boost)  
  80  6:42  Probe (Chrono Boost)  
  80  6:44  Probe (Chrono Boost)  
  82  6:53  Stalker  
  82  6:54  Stalker x3  
  86  7:19  Stalker x2  
  82  7:25  Pylon  
  82  7:28  Photon Cannon  
  82  7:29  Photon Cannon  
  80  7:35  Pylon  
  76  7:43  Stalker x2  
  68  7:46  Stalker x2  
Tags
 
Add a new tag
Caveats
  • Supply blocks, unpowered buildings, or Contaminate may cause inaccurate times.
  • Supply counts are checked every 10 seconds.